 Dungeon Crawl Stone Soup version 0.18.1-5-g4a78601 (webtiles) character file.

94952 namelastname112 the Summoner (level 15, 62/132 HPs)
             Began as a Pale Draconian Wizard on May 10, 2016.
             Was the Champion of Sif Muna.
             Quit the game on level 2 of the Elven Halls on May 11, 2016.
             The game lasted 01:23:47 (34356 turns).

namelastname112 the Summoner (DrWz)                Turns: 34356, Time: 01:23:48

Health: 62/132     AC: 17    Str:  8    XL:     15   Next: 65%
Magic:  31/40      EV: 17    Int: 24    God:    Sif Muna [******]
Gold:   1943       SH:  4    Dex: 11    Spells: 7 memorised, 17 levels left

rFire  + . .     SeeInvis .     i - +1 dagger (elec)
rCold  . . .     Gourm    .     (armour unavailable)
rNeg   . . .     Faith    .     J - +0 buckler
rPois  +         Spirit   .     a - +0 hat
rElec  .         Dismiss  .     O - +2 cloak {rPois}
rCorr  .         Reflect  .     T - +2 pair of gloves
SustAt .         Harm     .     g - +1 pair of boots of the Black Moon {rPois rF+ Str-3}
MR     ++...     Clarity  +     (no amulet)
Stlth  ++........               L - ring of wizardry
                                u - ring of magical power

@: repel missiles, very resistant to hostile enchantments, unstealthy
A: breathe steam, unfitting armour, agile 1, clarity, magic resistance 1,
cold-blooded, AC +9
a: Breathe Steam, Channel Energy, Forget Spell, Renounce Religion


You were on level 2 of the Elven Halls.
You worshipped Sif Muna.
Sif Muna was exalted by your worship.
You were not hungry.

You visited 5 branches of the dungeon, and saw 28 of its levels.

You collected 2614 gold pieces.
You spent 368 gold pieces at shops.

Inventory:

Hand Weapons
 b - a +3 eveningstar of pain
 i - a +1 dagger of electrocution (weapon)
Armour
 a - a +0 hat (worn)
 g - the +1 pair of boots of the Black Moon (worn) {rPois rF+ Str-3}
   (You acquired it on level 1 of the Elven Halls)

   It affects your strength (-3).
   It protects you from fire.
   It protects you from poison.
 J - a +0 buckler (worn)
 O - a +2 cloak of poison resistance (worn)
 T - a +2 pair of gloves (worn)
Jewellery
 u - a ring of magical power (left hand)
 L - a ring of wizardry (right hand)
Wands
 l - a wand of paralysis (16/24)
 s - a wand of acid (10/15)
 x - a wand of paralysis (10/24)
 B - a wand of iceblast (10/15)
 I - a wand of acid (6/15)
 K - a wand of heal wounds (4/9)
 P - a wand of iceblast (6/15)
 U - a wand of flame (23/48)
 Y - a wand of confusion (35/48)
Scrolls
 n - 8 scrolls of teleportation
 t - a scroll of fog
 y - a scroll of immolation
 A - 10 scrolls of remove curse
 D - 3 scrolls of recharging
 E - 3 scrolls of amnesia
 G - 4 scrolls of enchant weapon
 H - 3 scrolls of identify
 N - 3 scrolls of fear
 Q - 3 scrolls of magic mapping
 V - a scroll of holy word
 W - a scroll of enchant armour
Potions
 d - a potion of heal wounds
 e - 5 potions of might
 h - 3 potions of resistance
 k - 2 potions of invisibility
 m - a potion of cancellation
 o - 2 potions of haste
 q - 20 potions of curing
 w - 3 potions of magic
 z - 4 potions of flight
 C - a potion of agility
 F - 4 potions of brilliance
 S - 2 potions of berserk rage
 X - a potion of ambrosia
Miscellaneous
 p - a plain deck of summoning {drawn: 2}
 R - a fan of gales
Comestibles
 c - 10 bread rations
 f - a meat ration
 j - 12 beef jerkies
 v - 22 fruits
 M - a royal jelly
 Z - a slice of pizza


   Skills:
 + Level 11.6 Fighting
 + Level 10.3 Dodging
 - Level 1.7 Stealth
 - Level 4.2 Shields
 + Level 12.0 Spellcasting
 - Level 7.2 Conjurations
 + Level 5.2 Charms
 + Level 13.4 Summonings
 + Level 6.8 Translocations
 + Level 10.6 Invocations


You had 17 spell levels left.
You knew the following spells:

 Your Spells              Type           Power        Failure   Level  Hunger
a - Repel Missiles        Chrm/Air       ####..       1%          2    None
b - Aura of Abjuration    Summ           ######....   1%          5    ###....
d - Regeneration          Chrm/Necr      ####......   1%          3    None
f - Summon Demon          Summ           ######....   1%          5    ###....
s - Mephitic Cloud        Conj/Pois/Air  ####....     2%          3    None
x - Blink                 Tloc           N/A          1%          2    None
z - Magic Dart            Conj           ####         1%          1    None


Dungeon Overview and Level Annotations

Branches:
Dungeon (15/15)            Temple (1/1) D:4            Lair (8/8) D:10
 Shoals (0/4) Lair:4        Snake (0/4) Lair:3        Slime (0/6) Lair:7
    Orc (2/2) D:11            Elf (2/3) Orc:2        Vaults (0/5) D:14
 Depths (0/5) D:15

Altars:
Ashenzari
Cheibriados
Dithmenos
Elyvilon
Fedhas
Gozag
Kikubaaqudgha
Makhleb
Nemelex Xobeh
Okawaru
Pakellas
Qazlal
Ru
Sif Muna
Trog
Vehumet
Xom
Yredelemnul
Zin
The Shining One

Shops:
D:14 ?   Orc:2 (%*[   Elf:1 :

Annotations:
D:3 exclusion: oklob plant


Innate Abilities, Weirdness & Mutations

You can breathe blasts of scalding, opaque steam.
Your pale cyan-grey scales are hard (AC +9).
Your body does not fit into most forms of armour.
You are cold-blooded and may be slowed by cold attacks.
You are agile. (Dex +2)
You possess an exceptional clarity of mind.
You are resistant to hostile enchantments.


Message History

The deep elf archer shoots an arrow.
The arrow barely misses your ynoxinul. The arrow hits you!!
The deep elf mage gestures wildly while chanting.
Your soul eater hits the long sword of slicing!
Your ynoxinul hits the long sword of slicing.
You take 19 damage, and have 93/132 hp.
You miss the long sword of slicing.
The long sword of slicing is heavily damaged.
Your ufetubus misses the long sword of slicing. x3
Your ufetubus barely misses the long sword of slicing.
The long sword of slicing hits you!!
The deep elf mage mumbles some strange words.
Your ufetubus closely misses the long sword of slicing. x2
The deep elf archer shoots an arrow.
The arrow hits your ynoxinul!
Your ynoxinul dies!
Your soul eater hits the long sword of slicing but does no damage.
Your ufetubus closely misses the long sword of slicing.
Your ufetubus barely misses the long sword of slicing.
You take 31 damage, and have 62/132 hp.
MASSIVE DAMAGE!!
Are you sure you want to abandon this character and quit the game? (Confirm with "yes".)

....... .e.(.ee##
#e###+### #
##'#..... ###
##...... #.#
#.......
##5#########.......
#.(3'..eee.'./)..[.
#5@(########.......
##### #.......
##....<. ##.....
######


You could see a deep elf archer, 2 deep elf magi, a long sword of slicing, a
friendly soul eater and 2 friendly ufetubi.

Vanquished Creatures
  An ogre mage (D:15)
  A hydra (Lair:7)
  2 centaur warriors (D:13)
  An orc high priest (Orc:2)
  4 death yaks
  2 deep elf knights (Elf:1)
  4 skeletal warriors
  A wizard (D:15)
  A deep elf archer (Elf:1)
  2 hill giants
  8 deep elf magi (Elf:1)
  An ugly thing (D:15)
  An orc sorcerer (Orc:2)
  2 wolf spider zombies (D:14)
  3 elephants (Lair:8)
  3 centaur zombies
  The ghost of George the Carver, a novice MiFi (D:4)
  A gargoyle (D:5)
  3 spiny frogs
  A kobold demonologist (D:13)
  A yaktaur (shapeshifter) (D:14)
  2 two-headed ogres
  2 slime creatures (D:14)
  8 blink frogs
  The ghost of Tibison the Digger, an amateur GrEE (D:5)
  A wraith (D:11)
  2 shadows (D:15)
  A wyvern (D:8)
  A water elemental (D:11)
  A vampire (D:9)
  A fire elemental (Lair:1)
  9 hippogriffs
  16 yaks
  A hungry ghost (D:9)
  3 nagas
  5 water moccasins
  A sky beast (D:9)
  4 porcupines
  A black bear (D:7)
  8 orc warriors
  7 ice beasts
  A phantom (D:11)
  An eye of draining (shapeshifter) (Elf:1)
  A necrophage (D:10)
  13 ogres
  A boggart (D:15)
  A centaur (D:7)
  6 wolves
  2 crocodiles
  11 giant frogs
  A big kobold (D:10)
  A wyvern zombie (D:6)
  2 scorpions
  4 killer bees (D:10)
  4 electric eels
  3 wights
  6 howler monkeys
  2 giant frog zombies (D:6)
  2 crimson imps
  A quasit (D:13)
  5 hounds
  4 jellies
  6 orc priests
  2 centaur skeletons
  A giant frog skeleton (D:6)
  14 orc wizards
  Terence (D:3)
  8 iguanas
  7 worker ants
  A killer bee zombie (D:6)
  4 sheep
  A hound skeleton (D:11)
  Robin (D:2)
  5 gnolls
  2 howler monkey skeletons (D:6)
  12 adders
  17 river rats
  4 shadow imps
  A white imp (Lair:7)
  6 oozes
  An adder skeleton (D:5)
  A worm (D:5)
  2 dart slugs
  7 giant geckos
  34 orcs
  A ball python (D:5)
  4 giant cockroaches
  20 goblins
  17 hobgoblins
  19 jackals
  2 quokkas
  7 bats
  3 giant newts
  10 kobolds
  2 quokka skeletons
  A quokka zombie (D:9)
  7 rats
  A plant (Lair:7)
423 creatures vanquished.

Vanquished Creatures (collateral kills)
  Rupert (Lair:3)
  Kirke (Elf:1)
  Roxanne (D:14)
  Agnes (D:15)
  A frost giant (shapeshifter) (Elf:1)
  Louise (D:15)
  Nessos (D:13)
  A deep elf annihilator (Orc:2)
  A deep elf death mage (Elf:1)
  Snorg (Lair:3)
  A vault guard (D:14)
  Josephine (Lair:8)
  5 hydras
  3 catoblepae (Lair:8)
  23 death yaks
  2 orc high priests (Orc:2)
  4 dancing weapons
  5 deep elf knights (Elf:1)
  Nergalle (Lair:1)
  7 skeletal warriors
  4 wizards
  3 unseen horrors
  4 hill giants
  5 orc knights
  25 deep elf magi
  4 deep elf archers (Elf:1)
  12 ugly things
  2 griffons
  A manticore (D:13)
  2 orc sorcerers (Orc:2)
  An oklob plant (Lair:6)
  2 cyclopes
  An ice statue (Lair:7)
  A siren (Lair:4)
  19 elephants
  2 centaur zombies
  4 black mambas
  A gargoyle (D:11)
  A naga mage (D:15)
  8 spiny frogs
  3 centaur skeletons
  3 rime drakes
  2 freezing wraiths
  7 komodo dragons
  A yaktaur (D:15)
  A queen bee (shapeshifter) (D:14)
  3 trolls
  A merfolk (Lair:4)
  A two-headed ogre (shapeshifter) (D:13)
  A two-headed ogre (D:15)
  12 slime creatures
  28 blink frogs
  2 boulder beetles (Lair:8)
  A shadow (D:14)
  A centaur simulacrum (D:14)
  6 wraiths
  44 yaks
  3 basilisks
  2 wyverns
  4 hungry ghosts
  A hog (Elf:1)
  3 fire elementals (Elf:1)
  5 hippogriffs
  3 mottled dragons
  2 wargs (Orc:2)
  A soldier ant (D:14)
  7 water moccasins
  A hell hound (Elf:1)
  2 nagas (Lair:3)
  3 sky beasts
  13 orc warriors
  5 ice beasts
  A phantom (D:11)
  An eye of draining (D:15)
  3 boggarts (D:15)
  3 centaurs
  7 ogres
  3 wolves (Lair:4)
  14 crocodiles
  2 big kobolds
  2 earth elementals (Elf:1)
  12 giant frogs
  2 wyvern skeletons
  7 killer bees
  12 wights
  6 electric eels
  2 howler monkeys
  6 crimson imps
  2 giant frog zombies
  A giant frog skeleton (D:11)
  A jelly (Lair:7)
  2 hounds (D:11)
  12 orc priests
  An iguana (D:12)
  13 orc wizards
  3 worker ants
  13 sheep
  3 adders
  19 river rats
  A shadow imp (D:10)
  3 white imps (Lair:7)
  An adder zombie (D:9)
  A giant gecko (D:9)
  39 orcs
  10 kobolds
  A bush (Lair:8)
  A butterfly (Lair:8)
  A fire vortex (Lair:4)
  11 fungi
  7 plants
565 creatures vanquished.

Vanquished Creatures (others)
  A deep elf knight (Elf:1)
  A merfolk (D:10)
  A hippogriff (Lair:7)
  2 yaks (Lair:8)
  A giant frog (Lair:7)
  42 fungi (Lair:8)
  24 plants (Lair:8)
72 creatures vanquished.

Grand Total: 1060 creatures vanquished

Notes
Turn   | Place    | Note
--------------------------------------------------------------
     0 | D:1      | namelastname112 the Draconian Wizard began the quest for the Orb.
     0 | D:1      | Reached XP level 1. HP: 14/14 MP: 4/4
   333 | D:1      | Reached XP level 2. HP: 17/22 MP: 3/6
   634 | D:1      | Reached skill level 1 in Fighting
  1042 | D:1      | Reached XP level 3. HP: 15/28 MP: 0/7
  1942 | D:2      | Reached XP level 4. HP: 22/36 MP: 1/9
  2357 | D:2      | Learned a level 2 spell: Blink
  2361 | D:2      | Learned a level 3 spell: Mephitic Cloud
  2364 | D:2      | Learned a level 2 spell: Repel Missiles
  2404 | D:2      | Noticed Robin
  2730 | D:2      | Killed Robin
  3109 | D:3      | Reached XP level 5. HP: 41/41 MP: 10/10
  3132 | D:3      | Found a sparkling altar of Nemelex Xobeh.
  3452 | D:3      | oplop: откинул иголки мантикоры в неё же
  3463 | D:3      | Noticed Terence
  3477 | D:3      | Killed Terence
  3483 | D:3      | oplop: сдохла пока ко мне подходила
  3483 | D:3      | namelastname112: лол блять
  3483 | D:3      | namelastname112: рефлект надыбал?
  3483 | D:3      | oplop: ну амулетик
  3640 | D:3      | Found a basalt altar of Yredelemnul.
  3947 | D:3      | Found a blossoming altar of Fedhas.
  3978 | D:3      | Noticed an oklob plant
  4141 | D:4      | Reached XP level 6. HP: 32/50 MP: 12/12
  4281 | D:4      | Found a shattered altar of Ashenzari.
  4339 | D:4      | Found a bloodstained altar of Trog.
  4469 | D:4      | Found a staircase to the Ecumenical Temple.
  4490 | D:4      | Noticed George's ghost (novice MiFi)
  4519 | D:3      | Learned a level 3 spell: Conjure Flame
  4610 | Temple   | Entered the Ecumenical Temple
  4933 | D:4      | Your scales start taking on a pale cyan-grey colour.
  4933 | D:4      | Reached XP level 7. HP: 20/57 MP: 10/13
  5137 | D:4      | Killed George's ghost
  5137 | D:4      | Reached skill level 5 in Conjurations
  5359 | D:5      | Entered Level 5 of the Dungeon
  5429 | D:5      | Reached skill level 5 in Spellcasting
  5522 | D:5      | Reached XP level 8. HP: 65/66 MP: 15/15
  5611 | D:5      | namelastname112: вот с пейлом есть прикол
  5611 | D:5      | namelastname112: можно заставлять врагов в огонь заходить
  5613 | D:5      | namelastname112: вот етсь огр
  5613 | D:5      | namelastname112: зайти он ссыт
  5613 | D:5      | namelastname112: мы берем такие
  5615 | D:5      | namelastname112: хуяк блять
  5774 | D:5      | oplop: Kjk
  5778 | D:5      | oplop: найс
  5820 | D:5      | Found a snail-covered altar of Cheibriados.
  5822 | D:5      | Noticed Tibison's ghost (amateur GrEE)
  5832 | D:5      | Killed Tibison's ghost
  5846 | D:5      | Found a shimmering altar of Xom.
  5939 | D:5      | Noticed a gargoyle
  5945 | D:5      | Killed a gargoyle
  5945 | D:5      | Reached skill level 5 in Fighting
  6396 | D:6      | Learned a level 5 spell: Summon Demon
  6424 | D:6      | Reached skill level 2 in Summonings
  6569 | D:6      | Reached XP level 9. HP: 74/74 MP: 18/18
  6570 | D:6      | barb4r1an: а если ты мисс катишь демона то будет тебя пиздить?
  6663 | D:6      | oplop: да
  6737 | D:6      | oplop: ты про каких демонов?
  6899 | D:6      | Reached skill level 3 in Summonings
  6901 | D:6      | barb4r1an: просто спэлл саммон демон
  6970 | D:6      | namelastname112: от спеллпавера зависит
  7157 | D:6      | Reached skill level 4 in Summonings
  7221 | D:6      | oplop: http://crawl.chaosforge.org/Miscast_effect#Summonings
  7409 | D:7      | oplop: вот, правда на 2 версии отстает, но мискасты вроде не меняли
  7469 | D:7      | namelastname112: бля
  7469 | D:7      | namelastname112: вики говно
  7469 | D:7      | namelastname112: короче
  7469 | D:7      | namelastname112: ??summonings miscast
  7469 | D:7      | beem: summonings miscast[1/1]: 1: 5-13 dmg / spatial vortex / imp 2: 2-4 spatial vorts / common demon / (0.15-) 2-3 lesser (0.16+) 2-4 small abom 3: (0.15-) small abomination (0.16+) 1-3 worldbinders / greater demon / 2-3 common / banish / hostile malign gateway
  7619 | D:7      | oplop: короче, лучше саммоны не мискастить
  7879 | D:7      | Found an opulent altar of Gozag.
  7884 | D:7      | Found a glowing silver altar of Zin.
  7891 | D:7      | Reached skill level 5 in Summonings
  7910 | D:7      | oplop: прошел я шоался
  7916 | D:7      | oplop: ы
  7966 | D:7      | oplop: пойду в волтсы схожу
  8245 | D:8      | Noticed a hill giant
  8253 | D:8      | Killed a hill giant
  8253 | D:8      | Reached skill level 6 in Summonings
  8253 | D:8      | Reached XP level 10. HP: 69/81 MP: 22/22
  8562 | D:8      | Found an oddly glowing altar of Pakellas.
  8666 | D:8      | Found a deep blue altar of Sif Muna.
  8833 | D:8      | Became a worshipper of Sif Muna the Loreminder
  9109 | D:8      | Gained mutation: You are agile. (Dex +2) [potion of mutation]
  9109 | D:8      | Gained mutation: You possess an exceptional clarity of mind. [potion of mutation]
  9109 | D:8      | Gained mutation: Your muscles are strong. (Str +2) [potion of mutation]
  9230 | D:9      | Found a radiant altar of Vehumet.
  9240 | D:9      | Reached skill level 7 in Summonings
  9908 | D:9      | oplop: докуда эвоки качать чтобы банки и вееры норм юзать?
  9909 | D:9      | Lost mutation: Your muscles are strong. (Str +2) [helix card]
  9910 | D:9      | Hired Lebuucec the merfolk for 303 gold.
  9912 | D:9      | namelastname112: ммм
  9912 | D:9      | namelastname112: чисто банки и вееры?
  9912 | D:9      | namelastname112: я бы вкачал 16
  9912 | D:9      | oplop: а че еще
  9945 | D:9      | namelastname112: ну
  9945 | D:9      | namelastname112: ящик охуенный
  9945 | D:9      | namelastname112: мешок
  9945 | D:9      | namelastname112: роды
  9945 | D:9      | namelastname112: эвоки вообще пушка
 10041 | D:9      | Reached * piety under Sif Muna
 10399 | D:10     | Entered Level 10 of the Dungeon
 10837 | D:10     | barb4r1an: а вот и мисс каст сумона
 10868 | D:10     | namelastname112: это не мискаст
 10868 | D:10     | namelastname112: ??summon demon
 10868 | D:10     | beem: summon demon[1/1]: Summons one {common demon}, which may or may not be friendly. L5, found in the Book of Summonings. 4/power chance of hostile.
 10868 | D:10     | Found a staircase to the Lair.
 11200 | D:10     | Noticed a rust devil
 11202 | D:10     | Noticed a soul eater
 11209 | D:10     | Your ally Lebuucec died
 11304 | D:10     | oplop: чем меньше у тебя спеллпавера, тем больше шанс что демон враждебный
 11312 | D:10     | Reached skill level 5 in Dodging
 11312 | D:10     | Reached skill level 8 in Summonings
 11312 | D:10     | Reached skill level 1 in Invocations
 11336 | D:10     | barb4r1an: нахуй их вообще сумонить тогда
 11362 | D:10     | namelastname112: лол
 11362 | D:10     | barb4r1an: они тебя убьют скорее
 11362 | D:10     | namelastname112: ну типа
 11362 | D:10     | namelastname112: потому что они все разъебывают нахуй?
 11368 | D:10     | Learned a level 5 spell: Aura of Abjuration
 11751 | D:11     | Noticed a hill giant
 11763 | D:11     | Killed a hill giant
 11869 | D:11     | Noticed a cyan ugly thing
 11886 | D:11     | Killed a cyan ugly thing
 11918 | D:11     | barb4r1an: хаос спавн просто 10 из 10 моделька
 11919 | D:11     | oplop: мож моему стабберу саммоны вкачать?
 11927 | D:11     | Noticed a gargoyle
 11942 | D:11     | Killed a gargoyle
 11948 | D:11     | oplop: а то както донно
 11972 | D:11     | Reached XP level 11. HP: 70/88 MP: 24/24
 11994 | D:11     | oplop: м?
 11995 | D:11     | barb4r1an: я своему стабберу вкачал мана вирмов
 11995 | D:11     | barb4r1an: было полезно
 11995 | D:11     | namelastname112: вот
 11995 | D:11     | namelastname112: змеи норм
 11995 | D:11     | namelastname112: остальное хз как-то
 11995 | D:11     | namelastname112: на стаббере
 12282 | D:11     | Noticed a hill giant
 12300 | D:11     | Killed a hill giant
 12329 | D:11     | Reached ** piety under Sif Muna
 12646 | D:11     | oplop: не вирмов, вайперы они
 12655 | D:11     | oplop: и конфуз мб вкачать
 12659 | D:11     | oplop: правда он у меня слабый будет
 13073 | D:11     | Reached skill level 9 in Summonings
 13298 | D:11     | oplop: а коробка и мешок многоразовые?
 13304 | D:11     | namelastname112: да
 13304 | D:11     | namelastname112: 6-12 зарядов в каждом вроде
 13394 | D:11     | oplop: а, они не как банка вейр и фанарик?
 13405 | D:11     | oplop: ясно
 13439 | D:11     | Noticed a hill giant
 13445 | D:11     | Killed a hill giant
 13677 | D:11     | Found a staircase to the Orcish Mines.
 14733 | D:12     | Noticed a skeletal warrior
 14739 | D:12     | Noticed a skeletal warrior
 14741 | D:12     | Noticed a skeletal warrior
 14765 | D:12     | Killed a skeletal warrior
 14773 | D:12     | Killed a skeletal warrior
 14774 | D:12     | Killed a skeletal warrior
 14806 | D:12     | Noticed a skeletal warrior
 14820 | D:12     | Killed a skeletal warrior
 15048 | D:12     | Noticed a hill giant
 15057 | D:12     | Killed a hill giant
 15057 | D:12     | Reached skill level 10 in Summonings
 15288 | D:13     | Noticed Nessos
 15318 | D:13     | Killed Nessos
 15318 | D:13     | Reached *** piety under Sif Muna
 15555 | D:13     | Noticed a centaur warrior
 15572 | D:13     | Killed a centaur warrior
 15776 | D:13     | Reached skill level 5 in Invocations
 15777 | D:13     | Killed an unseen horror
 15782 | D:13     | Reached skill level 10 in Spellcasting
 15906 | D:13     | Noticed a centaur warrior
 15920 | D:13     | Killed a centaur warrior
 15920 | D:13     | barb4r1an: открой инвентарь на секунду
 15920 | D:13     | Reached XP level 12. HP: 89/99 MP: 13/26
 15921 | D:13     | Reached skill level 1 in Shields
 15924 | D:13     | barb4r1an: что это
 15924 | D:13     | namelastname112: хауберк
 15924 | D:13     | oplop: говноброня
 16570 | D:14     | Found Zilus's Magic Scroll Shoppe.
 16665 | D:14     | barb4r1an: демоны пидоры
 16849 | D:14     | namelastname112: лол
 16849 | D:14     | namelastname112: хороший вывод
 16863 | D:14     | Bought a scroll of blinking for 112 gold pieces
 16908 | D:14     | Noticed Roxanne
 16953 | D:14     | Killed Roxanne
 16967 | D:14     | Identified Roxanne's Reference Book on Stones (You took it off Roxanne on level 14 of the Dungeon)
 17088 | D:14     | oplop: >+9 rod of innacuracy 11/11
 17095 | D:14     | Reached skill level 11 in Summonings
 17185 | D:14     | Reached **** piety under Sif Muna
 18340 | D:14     | Found a gate to the Vaults.
 18340 | D:14     | Noticed a vault guard
 18362 | D:14     | Killed a vault guard
 18426 | D:15     | Entered Level 15 of the Dungeon
 18450 | D:15     | Noticed Louise
 18487 | D:15     | Killed Louise
 18585 | D:15     | oplop: The ogre mage gestures at you while chanting. The crystal spear reflects off an invisible shield around you! _The crystal spear hits the ogre mage.
 18917 | D:15     | Reached XP level 13. HP: 91/108 MP: 17/27
 19074 | D:15     | barb4r1an: почему твоя игра постоянно лагает?
 19168 | D:15     | oplop: да норм все
 19174 | D:15     | oplop: это у тебя чето наверн
 19197 | D:15     | Reached ***** piety under Sif Muna
 19352 | D:15     | barb4r1an: я перехожу на другую ссылку и все визнет
 19377 | D:15     | barb4r1an: нажимаю ескейп
 19625 | D:15     | barb4r1an: происходят все действия в ускореном режиме
 19633 | D:15     | barb4r1an: и выключается
 19635 | D:15     | oplop: в режиме спектатора записывается
 19642 | D:15     | Noticed Agnes
 19644 | D:15     | oplop: ну и криво накожено немного
 19968 | D:15     | Killed Agnes
 20186 | D:15     | oplop: нейм
 20193 | D:15     | namelastname112: ась
 20193 | D:15     | oplop: род молнии норм?
 20195 | D:15     | namelastname112: да
 20195 | D:15     | namelastname112: у него еще фича есть короче
 20195 | D:15     | namelastname112: ща расскажу
 20195 | D:15     | oplop: веер
 20195 | D:15     | oplop: я знаю
 20195 | D:15     | namelastname112: да
 20195 | D:15     | namelastname112: ну норм
 20195 | D:15     | namelastname112: пиздатая штука
 20195 | D:15     | oplop: за косарь торгуют
 20195 | D:15     | namelastname112: особенно чтобы попкорн гасить всякий
 20195 | D:15     | oplop: жаба душит
 20195 | D:15     | namelastname112: а че еще торгуют?
 20212 | D:15     | oplop: из родов?
 20222 | D:15     | namelastname112: lf
 20222 | D:15     | namelastname112: да
 20336 | D:15     | oplop: +4 лайтинг и +9 иннакураси
 20350 | D:15     | Found a staircase to the Depths.
 20353 | D:15     | Paralysed by an ogre mage for 4 turns
 20377 | D:15     | oplop: ой
 20377 | D:15     | namelastname112: иннак я бы взял
 20396 | D:15     | oplop: я нечаяно Сожобо
 20514 | Lair:1   | Entered Level 1 of the Lair of Beasts
 20515 | Lair:1   | oplop: задумался и стаботабнул
 20870 | Lair:1   | Noticed Nergalle
 20876 | Lair:1   | barb4r1an: вот это такой мудила
 20885 | Lair:1   | barb4r1an: с дес дором
 20899 | Lair:1   | Killed Nergalle
 20906 | Lair:1   | barb4r1an: как его убить вообще
 21001 | Lair:1   | namelastname112: лол
 21001 | Lair:1   | oplop: легко
 21001 | Lair:1   | namelastname112: ну ты только что видел
 21001 | Lair:1   | namelastname112: как нергалле сдохла к хуям
 21001 | Lair:1   | oplop: бьешь пока не умрет
 21211 | Lair:1   | barb4r1an: он сумонит спектральных орков
 21239 | Lair:2   | barb4r1an: которые пиздят тебя
 21316 | Lair:2   | barb4r1an: а мне маны не хватает чтобы их убить
 21316 | Lair:2   | namelastname112: они лошары
 21316 | Lair:2   | barb4r1an: в итоге я его скипнул
 21316 | Lair:2   | namelastname112: нахуй их убивать вообще
 21364 | Lair:2   | barb4r1an: у меня все аоешное
 21528 | Lair:2   | oplop: берешь и УХОДИШЬ
 21528 | Lair:2   | Identified a scroll of acquirement
 21637 | Lair:2   | namelastname112: лучший спелл в игре
 21637 | Lair:2   | namelastname112: walk away
 21966 | Lair:3   | barb4r1an: спэом волк евей експу не заработаешь
 22039 | Lair:3   | Found a staircase to the Snake Pit.
 22074 | Lair:3   | namelastname112: ну
 22074 | Lair:3   | namelastname112: ты им не спамь просто
 22259 | Lair:3   | Noticed Snorg
 22268 | Lair:3   | Killed Snorg
 22268 | Lair:3   | Reached skill level 12 in Summonings
 22374 | Lair:3   | Noticed Rupert
 22393 | Lair:3   | Killed Rupert
 23054 | Lair:4   | oplop: nfr
 23054 | Lair:4   | oplop: так
 23176 | Lair:4   | oplop: инакураси или молнию взять
 23379 | Lair:4   | oplop: к змеям
 23379 | Lair:4   | namelastname112: @??naga
 23379 | Lair:4   | beem: naga (N)
                  | Spd: 10 (move: 140%)
                  | HD: 5
                  | HP: 23-33
                  | AC/EV: 6/10
                  | Dam: 17, 3(constrict)
                  | weapons, items, doors, see invisible
                  | Res: magic(40), poison
                  | Chunks: noxious
                  | XP: 161
                  | Sp: spit poison (d10) [!AM, !sil, breath]
                  | Sz: Large
                  | Int: human.
 23379 | Lair:4   | namelastname112: @??greater naga
 23379 | Lair:4   | beem: greater naga (N)
                  | Spd: 10 (move: 140%)
                  | HD: 15
                  | HP: 67-95
                  | AC/EV: 8/9
                  | Dam: 27, 7(constrict)
                  | weapons, items, doors, fighter, spellcaster, see invisible
                  | Res: magic(140), poison
                  | Chunks: noxious
                  | XP: 1889
                  | Sp: spit poison (d22) [!AM, !sil, breath], b.venom (3d19), mystic blast (3d19), haste, poison arrow (3d22), teleport other
                  | Sz: Large
                  | Int: human.
 23379 | Lair:4   | namelastname112: я б иннак взял наверное
 23834 | Lair:4   | Found a staircase to the Shoals.
 23860 | Lair:4   | Reached ****** piety under Sif Muna
 23860 | Lair:4   | Received a gift from Sif Muna
 23860 | Lair:4   | Reached XP level 14. HP: 87/119 MP: 20/29
 23862 | Lair:4   | Identified Sif Muna's Collected Works on Self-Knowledge and Poison (Sif Muna gifted it to you on level 4 of the Lair of Beasts)
 23867 | Lair:4   | Learned a level 3 spell: Regeneration
 24053 | Lair:5   | Reached skill level 10 in Fighting
 24256 | Lair:5   | Reached skill level 1 in Charms
 24640 | Lair:5   | oplop: он ж НЕТОЧНЫЙ
 24668 | Lair:5   | namelastname112: ну
 24668 | Lair:5   | namelastname112: я им оофы убивал
 24668 | Lair:5   | namelastname112: а у них 20 ев
 24852 | Lair:6   | oplop: у меня 13.5 эвоков
 24868 | Lair:6   | oplop: лана, посмотрим
 25968 | Lair:7   | Reached skill level 5 in Translocations
 26037 | Lair:7   | Found a staircase to the Slime Pits.
 26060 | Lair:7   | barb4r1an: Что увеличивает силу спэла в фаерболе?
 26075 | Lair:7   | barb4r1an: конжурация или огонь?
 26076 | Lair:7   | oplop: оба
 26076 | Lair:7   | oplop: ??fireball
 26076 | Lair:7   | beem: fireball[1/1]: Level 5 Fire/Conjuration spell. Cannot be evaded. Makes noise. Hits a 3x3 area. Does 3d(3.33+power/6) fire damage.
 26076 | Lair:7   | namelastname112: да
 26076 | Lair:7   | namelastname112: оба
 26076 | Lair:7   | oplop: конжур, огонь, интеллект
 26076 | Lair:7   | namelastname112: и еще спеллкастинг мальц
 26076 | Lair:7   | namelastname112: мальца*
 26076 | Lair:7   | oplop: и спеллкастинг
 26076 | Lair:7   | namelastname112: лол
 26076 | Lair:7   | namelastname112: вот странно
 26076 | Lair:7   | namelastname112: монстер спелл
 26076 | Lair:7   | namelastname112: а показывает левел
 26076 | Lair:7   | namelastname112: и школы
 26092 | Lair:7   | Gained mutation: You are resistant to hostile enchantments. [potion of beneficial mutation]
 26096 | Lair:7   | barb4r1an: а какой спэл в огне после взрыва оставляет слауды и вортексы огненные?
 26122 | Lair:7   | barb4r1an: клауды*
 26122 | Lair:7   | namelastname112: файршторм
 26171 | Lair:7   | oplop: это девятка
 26303 | Lair:7   | barb4r1an: я нашел только торнадо
 26317 | Lair:7   | barb4r1an: и шаттер
 26328 | Lair:7   | barb4r1an: решил качать торнадо
 26495 | Lair:7   | namelastname112: эмм
 26495 | Lair:7   | namelastname112: ты под вехуметом?
 26495 | Lair:7   | barb4r1an: да
 26495 | Lair:7   | namelastname112: инеты
 26495 | Lair:7   | namelastname112: сука
 26495 | Lair:7   | namelastname112: выебываются
 26495 | Lair:7   | namelastname112: кинь дамп свой
 26495 | Lair:7   | namelastname112: сюда
 26495 | Lair:7   | oplop: чет меня поебывают в снейке, но вроде терпимоъ
 26495 | Lair:7   | barb4r1an: http://crawl.xtahua.com/crawl/morgue/barb4r1an/barb4r1an.txt
 26495 | Lair:7   | namelastname112: пффф блять
 26495 | Lair:7   | namelastname112: тебе вехумет еще даже последний подарок не дал
 26495 | Lair:7   | barb4r1an: он мне одни помои дает
 26495 | Lair:7   | namelastname112: а ты уже торнадо хочешь
 26495 | Lair:7   | namelastname112: бля
 26495 | Lair:7   | namelastname112: он тебе даст скоро 3 спелла сразу
 26495 | Lair:7   | namelastname112: девятки
 26495 | Lair:7   | namelastname112: на выбор
 26650 | Lair:7   | barb4r1an: ну и ладно
 26793 | Lair:7   | barb4r1an: буду бить двумя элементами
 26803 | Lair:8   | Entered Level 8 of the Lair of Beasts
 26804 | Lair:8   | barb4r1an: звичит круто
 26982 | Lair:8   | Noticed Josephine
 26993 | Lair:8   | Killed Josephine
 27278 | Lair:8   | Received a gift from Sif Muna
 27279 | Lair:8   | Identified Duazear's Almanac of Transmigration and Curses (Sif Muna gifted it to you on level 8 of the Lair of Beasts)
 28048 | Lair:8   | barb4r1an: ??fire giant
 28052 | Lair:8   | beem: fire giant[1/2]: Will try to roast you from a distance, which can be very nasty if you don't have fire resistance. Always carries a red-hot great sword.
 28286 | Lair:8   | barb4r1an: блять
 28291 | Lair:8   | barb4r1an: а про резисты не написано
 28379 | Lair:8   | namelastname112: @??fire giant
 28379 | Lair:8   | beem: fire giant (C)
                  | Spd:
    10 | HD: 16   | HP: 77-114
                  | AC/EV: 8/4
                  | Dam: 30
                  | weapons, items, doors, fighter, spellcaster, see invisible
                  | Res: magic(80), fire++, drown
                  | XP: 1802
                  | Sp: b.fire (3d25), fireball (3d26)
                  | Sz: Giant
                  | Int: human.
 28379 | Lair:8   | oplop: амулет рефлекта заебат таки с щитом
 28379 | Lair:8   | namelastname112: rf++
 28626 | Lair:8   | oplop: наги получают в ебало своими болтами и стрелами
 28626 | Lair:8   | namelastname112: лол сука блять
 28626 | Lair:8   | namelastname112: ИВНИНГ БОЛИ
 28626 | Lair:8   | oplop: ы
 28720 | Lair:8   | barb4r1an: что не так?
 28750 | Lair:8   | Reached skill level 10 in Invocations
 28758 | Lair:8   | namelastname112: то, что он в лейре лежит
 28770 | Lair:8   | oplop: нейм
 28838 | Lair:8   | namelastname112: чавой
 28840 | Lair:8   | oplop: у меня тут агнесс с вашнией
 28849 | Lair:8   | oplop: это вообще законно
 28850 | Lair:8   | Reached skill level 13 in Summonings
 28853 | Lair:8   | oplop: ?
 28853 | Lair:8   | Reached XP level 15. HP: 53/128 MP: 30/30
 28873 | Lair:8   | namelastname112: лол
 28873 | Lair:8   | namelastname112: вполне
 28873 | Lair:8   | namelastname112: у меня как-то раз норрис, жоргун и арахна были
 28873 | Lair:8   | namelastname112: прям возле лестницы
 28958 | Lair:8   | barb4r1an: лернея и йогурм вместе когда ты гаргулья
 28971 | Lair:8   | barb4r1an: вот это не законно
 29066 | Lair:6   | oplop: лал
 29184 | Lair:1   | namelastname112: ладно
 29184 | Lair:1   | namelastname112: чет я заебался
 29184 | Lair:1   | namelastname112: пойду оплопа смотреть
 29244 | Orc:1    | Entered Level 1 of the Orcish Mines
 29440 | Orc:2    | Entered Level 2 of the Orcish Mines
 29637 | Orc:2    | Found a staircase to the Elven Halls.
 30320 | Orc:2    | Found Egoriump's Food Boutique.
 30320 | Orc:2    | Found Xeip's Weapon Shoppe.
 30322 | Orc:2    | Found Gemp's Antique Armour Boutique.
 30322 | Orc:2    | Found Baopsos's Assorted Antiques.
 30471 | Orc:2    | Bought an ancient cloak for 256 gold pieces
 30474 | Orc:2    | Identified the +2 cloak of Vurieruo {Str+2} (You bought it in a shop on level 2 of the Orcish Mines)
 30732 | Elf:1    | Entered Level 1 of the Elven Halls
 30741 | Elf:1    | Reached skill level 10 in Dodging
 31422 | Elf:1    | Found Bihe's Book Shoppe.
 32758 | Elf:1    | Got a pair of steaming boots
 32764 | Elf:1    | Identified the +1 pair of boots of the Black Moon {rPois rF+ Str-3} (You acquired it on level 1 of the Elven Halls)
 33456 | Elf:1    | Identified Vehumet's Catalogue of Arcane Weapons
 33597 | Elf:1    | Reached skill level 5 in Charms
 33755 | Elf:1    | Noticed an acid blob
 33755 | Elf:1    | an acid blob changed into a stone giant
 33762 | Elf:1    | Noticed a frost giant
 33762 | Elf:1    | a death yak changed into a frost giant
 33767 | Elf:1    | Killed a frost giant
 33767 | Elf:1    | Received a gift from Sif Muna
 33799 | Elf:1    | Noticed Kirke
 33812 | Elf:1    | Killed Kirke
 34356 | Elf:2    | Quit the game

Skill      XL: |  1  2  3  4  5  6  7  8  9 10 11 12 13 14 15 |
---------------+----------------------------------------------+-----
Dodging        | 2 3 4 5 6 7 8 9 10 | 10.3
Fighting       | 1 2 3 4 5 6 7 8 9 10 11 | 11.6
Conjurations   | 2 3 4 5 7 |  7.2
Spellcasting   | 4 5 6 8 9 10 11 12 | 12.0
Summonings     | 2 6 8 10 11 12 13 | 13.4
Invocations    | 2 5 6 8 10 | 10.6
Shields        | 3 4 |  4.2
Translocations | 4 6 |  6.8
Charms         | 3 5 |  5.2
Stealth        | |  1.7

Action                   |  1- 3 |  4- 6 |  7- 9 | 10-12 | 13-15 || total
-------------------------+-------+-------+-------+-------+-------++-------
Melee: Dagger            |    62 |    98 |    86 |   495 |  1147 ||  1888
       Mace              |     3 |       |       |       |       ||     3
       Tailslap          |     9 |    14 |     9 |    59 |   117 ||   208
 Cast: Magic Dart        |    90 |    93 |   147 |    27 |       ||   357
       Mephitic Cloud    |       |     9 |     1 |       |       ||    10
       Blink             |       |     3 |     4 |    14 |    15 ||    36
       Repel Missiles    |       |     2 |       |     2 |     5 ||     9
       Conjure Flame     |       |       |    21 |    12 |     3 ||    36
       Summon Demon      |       |       |       |   107 |   267 ||   374
       Aura of Abjuratio |       |       |       |     8 |    25 ||    33
       Regeneration      |       |       |       |       |    31 ||    31
Invok: Channel Energy    |       |       |       |    24 |    21 ||    45
 Abil: Breathe Steam     |       |       |    18 |    34 |    17 ||    69
Evoke: Deck              |       |     2 |       |     8 |       ||    10
  Use: Scroll            |     3 |     2 |       |    16 |    21 ||    42
       Potion            |       |       |       |     2 |    13 ||    15
 Stab: Sleeping          |       |     2 |     2 |     2 |     7 ||    13
       Distracted        |       |       |       |     1 |    25 ||    26
       Paralysed         |       |       |       |       |     1 ||     1
  Eat: Chunk             |     3 |     7 |    13 |    19 |    78 ||   120
       Beef jerky        |       |     2 |       |     1 |       ||     3
       Meat ration       |       |       |       |     8 |     1 ||     9
       Fruit             |       |       |       |     1 |     6 ||     7
       Pizza             |       |       |       |     1 |     1 ||     2
       Bread ration      |       |       |       |       |     2 ||     2
Armor: Skin              |    21 |    27 |    30 |   216 |   419 ||   713
Dodge: Dodged            |    55 |    60 |    78 |   438 |   818 ||  1449
       Deflected         |       |     4 |       |     4 |    18 ||    26
Block: Buckler           |       |       |       |       |   217 ||   217
